 Dungeon Crawl Stone Soup version 0.31.0-11-ge490571c62 (webtiles) character file.

Game seed: 12456183121900366834

470 Arcadio the Chiller (level 7, -4/46 HPs)
             Began as a Merfolk Ice Elementalist on Jan 31, 2024.
             Engulfed by a cloud of poison gas (7 damage)
             ... on level 4 of the Dungeon.
             The game lasted 00:11:26 (3293 turns).

Arcadio the Chiller (Merfolk Ice Elementalist)      Turns: 3293, Time: 00:11:27

Health: -4/46      AC:  3    Str:  8    XL:     7   Next: 9%
Magic:  12/13      EV: 14    Int: 17    God:
Gold:   145        SH:  0    Dex: 14    Spells: 4/14 levels left

rFire   . . .        p - +0 dagger (flame)
rCold   . . .        (no shield)
rNeg    + . .        a - +0 robe
rPois   .            t - +0 helmet
rElec   .            (no cloak)
rCorr   .            (no gloves)
SInv    .            (no boots)
Will    +....        c - amulet of magic regeneration
Stlth   ++           e - ring of positive energy
HPRegen 0.27/turn    w - ring of willpower
MPRegen 0.53/turn

%: no passive effects
@: lethally poisoned (-4 -> -35)
A: (nimble swimmer 2), mertail
a: no special abilities


You were on level 4 of the Dungeon.
You visited 1 branch of the dungeon, and saw 5 of its levels.

You collected 145 gold pieces.

Inventory:

Hand Weapons
 d - a +0 short sword
 j - a +0 long sword
 o - a +0 whip of flaming
 p - a +0 dagger of flaming (weapon)
Armour
 a - a +0 robe (worn)
 f - a +0 ring mail
 t - a +0 helmet (worn)
Jewellery
 c - an amulet of magic regeneration (around neck)
 e - a ring of positive energy (left hand)
 r - a ring of resist corrosion
 w - a ring of willpower (right hand)
Wands
 v - a wand of polymorph (8)
Scrolls
 g - a scroll of enchant armour
 h - a scroll of vulnerability
 q - a scroll of blinking {unknown}
 x - a scroll of poison
Potions
 b - a potion of magic
 i - 2 potions of experience {unknown}
 l - 3 potions of brilliance {unknown}
 m - a potion of cancellation {unknown}
 s - 2 potions of berserk rage
 u - a potion of degeneration {unknown}


   Skills:
 + Level 6.1 Dodging
 - Level 2.1 Stealth
 + Level 4.2 Spellcasting
 + Level 6.3 Ice Magic


You had 4 spell levels left.
You knew the following spells:

 Your Spells              Type           Power      Damage    Failure   Level
a - Freeze                Ice            100%       1d10      1%          1
b - Frozen Ramparts       Ice            50%        1d8       3%          3
c - Ozocubu's Armour      Ice            25%        N/A       3%          3
d - Summon Ice Beast      Ice/Summ       14%        N/A       13%         3

Your spell library contained the following spells:

 Spells                   Type           Power      Damage    Failure   Level
 Summon Small Mammal      Summ           12%        N/A       16%         1
 Call Canine Familiar     Summ           3%         N/A       43%         3
 Summon Blazeheart Golem  Fire/Summ      3%         N/A       83%         4


Dungeon Overview and Level Annotations

Branches:
Dungeon (5/15)
 Temple: D:4-7

Altars:
Ashenzari
Gozag
Ru
Uskayaw
Zin


Innate Abilities, Weirdness & Mutations

((You are very nimble when in or above water. (Stealth+, EV+, Speed+++)))
Your lower body shifts to a powerful aquatic tail in water.


Message History

Casting: Freeze (safe; 1% risk of failure)
Confirm with . or Enter, or press ? or * to list all spells.
Casting: Frozen Ramparts (dangerous; 3% risk of failure)
Press: ? - help, Dir - look around, f - activate The walls around you are covered in ice.
The orc shouts!
The wall freezes the jackal.
You kill the jackal!
The wall freezes the jackal. x2
You kill the jackal!
The wall freezes the jackal.
The phantom completely resists.
The wall freezes the phantom but does no damage.
The phantom hits you.
Okay, then.
The wall freezes the jackal. x2
You kill the jackal!
The phantom resists.
The wall freezes the phantom.
The phantom misses you.
The wall freezes the jackal.
You kill the jackal!
There are monsters nearby!
Okay, then.
The air fills with toxic fumes!
As you read the scroll labelled VONWUWUDUB, it crumbles to dust.
It was a scroll of poison.
The phantom resists.
The wall freezes the phantom.
The phantom closely misses you.
As you read the scroll labelled FAOLIYTENANGA, it dissolves into smoke.
It was a scroll of fog.
The phantom completely resists.
The wall freezes the phantom but does no damage.
The phantom hits you.
The phantom blinks!
You blink.
The frozen ramparts melt away as you move.
As you read the scroll labelled BEROGG ODISCH, it crumbles to dust.
The creatures around you are filled with an inner flame!
It was a scroll of immolation.
You are engulfed in poison gas.
You are lethally poisoned!
* * * LOW HITPOINT WARNING * * *
x2 You feel very sick.
The phantom barely misses you.
You are engulfed in poison gas.
You are more poisoned.
You die...

#..(...#
###.##.#
#...##.#
######.#
#####.##
#......†
§###
#..###...
§§§o§####
# ####
#§§W@#
####§#
#§#
#§####.#
#§§....#
#g# #§#
#g# #.#
#.#


You could see a phantom (inner flame), 2 gnolls and an orc (inner flame).

Vanquished Creatures
  A centaur (D:5)
  A scorpion (D:4)
  A howler monkey (D:5)
  A bombardier beetle (D:3)
  2 hounds (D:5)
  Terence (D:2)
  2 iguanas
  Ijyb (D:3)
  Robin (D:2)
  2 adders (D:2)
  A ribbon worm (D:2)
  An orc (D:4)
  4 ball pythons
  2 endoplasms (D:1)
  2 giant cockroaches
  12 goblins
  7 hobgoblins
  8 jackals
  5 quokkas
  2 bats
  A frilled lizard (D:1)
  6 kobolds
  2 rats
66 creatures vanquished.

Notes
Turn   | Place    | Note
-------+----------+-------------------------------------------
     0 | D:1      | Arcadio the Merfolk Ice Elementalist began the quest for
                  | the Orb.
     0 | D:1      | Reached XP level 1. HP: 13/13 MP: 3/3
   288 | D:1      | Reached XP level 2. HP: 13/19 MP: 5/5
   640 | D:1      | Reached XP level 3. HP: 17/24 MP: 4/6
  1469 | D:2      | Noticed Terence
  1477 | D:2      | Killed Terence
  1478 | D:2      | Reached skill level 5 in Ice Magic
  1478 | D:2      | Reached XP level 4. HP: 19/30 MP: 3/8
  1698 | D:2      | Noticed Robin
  1705 | D:2      | Killed Robin
  1854 | D:2      | Learned a level 3 spell: Frozen Ramparts
  1858 | D:2      | Learned a level 3 spell: Ozocubu's Armour
  2578 | D:3      | Reached XP level 5. HP: 34/35 MP: 6/9
  2598 | D:3      | Noticed Ijyb
  2617 | D:3      | Killed Ijyb
  2747 | D:3      | Noticed a phantom
  2788 | D:4      | Reached skill level 5 in Dodging
  2885 | D:4      | Found a broken altar of Ashenzari.
  2952 | D:4      | Reached XP level 6. HP: 41/41 MP: 6/11
  2956 | D:4      | Learned a level 3 spell: Summon Ice Beast
  3007 | D:4      | Found a hide-covered altar of Uskayaw.
  3160 | D:4      | Found an opulent altar of Gozag.
  3161 | D:4      | Found a glowing silver altar of Zin.
  3163 | D:4      | Found a sacrificial altar of Ru.
  3182 | D:5      | Entered Level 5 of the Dungeon
  3232 | D:5      | Reached XP level 7. HP: 28/46 MP: 4/13
  3293 | D:4      | Engulfed by a cloud of poison gas

Illustrated notes

Levels and vault maps discovered:
D:1:      minmay_arrival_solitary_statue, layout_loops_cross,
          corexii_leaking_fountain
D:2:      layout_loops_corners, minmay_statues_item, uniq_robin, uniq_terence
D:3:      layout_loops_ring, serial_shops, shop, uniq_ijyb
D:4:      layout_loops_ring, minitemple, mainiacjoe_overflow_small_starburst,
          nicolae_overflow_hidden_temple, lemuel_mausoleum_altar_kikubaaqudgha,
          serial_shops, nicolae_shop_hallway_plus, kennysheep_dice
D:5:      layout_rooms, nicolae_vehumet_altar_sigil, kennysheep_mini,
          minmay_temple_entry_from_below_a

Skill      XL: |  1  2  3  4  5  6 |
---------------+-------------------+-----
Dodging        | 3 4 5 6 |  6.1
Ice Magic      | 5 6 |  6.3
Spellcasting   | 3 4 |  4.2
Stealth        | |  2.1

Action                     |  1- 3 |  4- 6 |  7- 9 || total
---------------------------+-------+-------+-------++-------
  Melee: Short sword       |    23 |       |       ||    23
         Unarmed           |     1 |    14 |       ||    15
         Long sword        |    38 |    13 |       ||    51
         Punch             |     1 |       |       ||     1
         Dagger            |       |    49 |     1 ||    50
   Cast: Freeze            |    20 |    32 |     4 ||    56
         Frozen Ramparts   |       |     4 |     1 ||     5
         Ozocubu's Armour  |       |     1 |       ||     1
    Use: Scroll            |       |     4 |     3 ||     7
   Stab: Sleeping          |     2 |     4 |       ||     6
         Distracted        |     1 |       |       ||     1
 Armour: Robe              |    39 |    47 |    10 ||    96
         Skin              |       |     3 |       ||     3
  Dodge: Dodged            |    45 |    57 |     7 ||   109
